 Dungeon Crawl Stone Soup version 0.19.1-1-g22dce08 (webtiles) character file.

707 Alarkh the Cleaver (level 7, -2/57 HPs)
             Began as a White Draconian Monk on Jan 4, 2017.
             Was a Priest of Trog.
             Slain by an iguana (6 damage)
             ... on level 7 of the Dungeon.
             The game lasted 00:05:17 (3611 turns).

Alarkh the Cleaver (White Draconian Monk)           Turns: 3611, Time: 00:05:17

Health: -2/57      AC:  7    Str: 14    XL:     7   Next: 40%
Magic:  7/7        EV: 13    Int: 12    God:    Trog [***...]
Gold:   354        SH:  0    Dex: 13    Spells: 0 memorised, 6 levels left

rFire  . . .     SeeInvis .     a - +0 hand axe
rCold  + . .     Gourm    .     (armour unavailable)
rNeg   . . .     Faith    .     (no shield)
rPois  +         Spirit   .     (helmet restricted)
rElec  .         Reflect  .     (no cloak)
rCorr  .         Harm     .     (no gloves)
MR     .....                    y - +0 pair of boots
Stlth  ++........               (no amulet)
                                x - ring of poison resistance
                                d - ring of flight

@: no status effects
A: breathe frost, unfitting armour, cold resistance 1, cold-blooded, AC +6
a: Breathe Frost, Berserk, Trog's Hand, Burn Spellbooks, Renounce Religion,
Evoke Flight


You were on level 7 of the Dungeon.
You worshipped Trog.
Trog was most pleased with you.
You were very hungry.

You visited 2 branches of the dungeon, and saw 8 of its levels.

You collected 354 gold pieces.

Inventory:

Hand Weapons
 a - a +0 hand axe (weapon)
 f - a +0 whip of pain
Armour
 y - a +0 pair of boots (worn)
Jewellery
 d - a ring of flight (left hand)
 x - a ring of poison resistance (right hand)
Wands
 t - a wand of flame (12/48)
 z - a wand of polymorph (6/24)
Scrolls
 e - 3 scrolls of identify
 h - a scroll of immolation
 i - 2 scrolls of remove curse
 j - 3 scrolls of teleportation {unknown}
 l - a scroll of fear {unknown}
 m - a scroll of enchant armour {unknown}
 q - 2 scrolls of recharging {unknown}
 v - a scroll of random uselessness {unknown}
 C - a scroll of vulnerability {unknown}
Potions
 c - 2 potions of degeneration {unknown}
 g - a potion of flight
 o - a potion of resistance
 r - a potion of invisibility {unknown}
 s - 2 potions of haste {unknown}
 u - 4 potions of curing {unknown}
 w - a potion of brilliance {unknown}
Books
 n - a book of Minor Magic

   Spells                             Type                      Level
   a - Magic Dart                     Conjuration                  1
   b - Blink                          Translocation                2
   c - Call Imp                       Summoning                    2
   d - Repel Missiles                 Charms/Air                   2
   e - Slow                           Hexes                        2
   f - Conjure Flame                  Conjuration/Fire             3
   g - Mephitic Cloud                 Conjuration/Poison/Air       3
   Trog disapproves of the use of such an item.
 A - a book of Changes

   Spells                             Type                      Level
   a - Beastly Appendage              Transmutation                1
   b - Sticks to Snakes               Transmutation                2
   c - Spider Form                    Transmutation/Poison         3
   d - Ice Form                       Ice/Transmutation            4
   e - Blade Hands                    Transmutation                5
   Trog disapproves of the use of such an item.
Comestibles
 b - 4 bread rations
 k - 2 meat rations
 p - 2 beef jerkies
 B - a chunk of flesh


   Skills:
 - Level 3.2 Fighting
 + Level 8.8 Axes
 - Level 2.6 Dodging
 - Level 1.7 Stealth


You had 6 spell levels left.
You didn't know any spells.

Dungeon Overview and Level Annotations

Branches:
Dungeon (7/15)             Temple (1/1) D:4

Altars:
Cheibriados
Dithmenos
Elyvilon
Fedhas
Gozag
Hepliaklqana
Kikubaaqudgha
Makhleb
Nemelex Xobeh
Okawaru
Qazlal
Sif Muna
Trog
Uskayaw
Vehumet
Yredelemnul
The Shining One

Annotations:
D:5 Dowan, Duvessa


Innate Abilities, Weirdness & Mutations

You can breathe waves of freezing cold.
You can buffet flying creatures when you breathe cold.
Your icy white scales are hard. (AC +6)
You cannot fit into any form of body armour.
Your flesh is cold resistant. (rC+)
You are cold-blooded and may be slowed by cold attacks.


Message History

You hit the iguana but do no damage.
The iguana is lightly wounded.
You hit the iguana but do no damage.
The iguana is lightly wounded.
The iguana barely misses you.
You closely miss the iguana.
The iguana is lightly wounded.
The iguana closely misses you.
You hit the iguana.
The iguana is moderately wounded.
The iguana bites you but does no damage.
You hit the iguana.
The iguana is moderately wounded.
The iguana bites you!
* * * LOW HITPOINT WARNING * * *
You hit the iguana.
You tail-slap the iguana, but do no damage.
The iguana is severely wounded.
The iguana bites you.
You die...

.... #..... #.....
#.....########+#
#..............
#..............
#.......l......
#......@.......
#.....#..............
#.....###.....#######
+.......#.....#
#.......#.....#
#.......#.....#
#..<....#.....#
#.......#.....#
#.......#.....#


You could see an iguana.

Vanquished Creatures
  Eustachio (D:4)
  A phantom (D:7)
  An ogre (D:4)
  A vampire bat (D:4)
  2 crimson imps
  2 jellies (D:5)
  3 worker ants
  A howler monkey zombie (D:5)
  5 adders (D:2)
  A shadow imp (D:6)
  2 oozes (D:1)
  An adder skeleton (D:5)
  4 worms
  A dart slug (D:1)
  2 leopard geckos
  3 orcs
  3 ball pythons
  3 bat skeletons (D:4)
  3 bat zombies (D:4)
  A giant cockroach (D:2)
  5 goblins
  4 hobgoblins
  2 jackals (D:3)
  3 kobolds
  2 quokkas
  A ball python skeleton (D:5)
  6 bats
  4 frilled lizards
  8 rats
76 creatures vanquished.

Notes
Turn   | Place    | Note
-------+----------+-------------------------------------------
     0 | D:1      | Alarkh the Draconian Monk began the quest for the Orb.
     0 | D:1      | Reached XP level 1. HP: 19/19 MP: 1/1
   315 | D:1      | Reached XP level 2. HP: 26/26 MP: 2/2
   561 | D:1      | Reached skill level 4 in Axes
   805 | D:2      | Reached XP level 3. HP: 25/31 MP: 3/3
  1041 | D:2      | Found a bloodstained altar of Trog.
  1045 | D:2      | Became a worshipper of Trog the Wrathful
  1045 | D:2      | Reached * piety under Trog
  1045 | D:2      | Reached ** piety under Trog
  1080 | D:2      | Reached XP level 4. HP: 34/38 MP: 4/4
  1130 | D:2      | Found an opulent altar of Gozag.
  1178 | D:2      | Reached skill level 5 in Axes
  1209 | D:2      | Found a faded altar of an unknown god.
  1209 | D:2      | Found a snail-covered altar of Cheibriados.
  1214 | D:2      | Found a faded altar of an unknown god.
  1216 | D:2      | Found a faded altar of an unknown god.
  1218 | D:2      | Found a faded altar of an unknown god.
  1364 | D:2      | Found a radiant altar of Vehumet.
  1365 | D:2      | Found a glowing golden altar of the Shining One.
  2239 | D:4      | Noticed an ogre
  2243 | D:4      | Killed an ogre
  2243 | D:4      | Reached skill level 6 in Axes
  2243 | D:4      | Reached XP level 5. HP: 45/45 MP: 5/5
  2333 | D:4      | Found a staircase to the Ecumenical Temple.
  2351 | Temple   | Entered the Ecumenical Temple
  2475 | D:4      | Found a radiant altar of Vehumet.
  2561 | D:4      | Found a deep blue altar of Sif Muna.
  2758 | D:4      | Noticed Eustachio
  2766 | D:4      | Killed Eustachio
  2766 | D:4      | Reached skill level 7 in Axes
  2766 | D:4      | Reached XP level 6. HP: 51/51 MP: 6/6
  2843 | D:4      | Found an ancient bone altar of Kikubaaqudgha.
  2899 | D:5      | Entered Level 5 of the Dungeon
  2899 | D:5      | Found a hide-covered altar of Uskayaw.
  2922 | D:5      | Noticed Duvessa
  2922 | D:5      | Noticed Dowan
  3047 | D:5      | Reached *** piety under Trog
  3054 | D:5      | Reached skill level 8 in Axes
  3178 | D:5      | Your scales start taking on an icy white colour.
  3178 | D:5      | Reached XP level 7. HP: 50/57 MP: 7/7
  3178 | D:5      | Gained mutation: Your flesh is cold resistant. (rC+) [White Draconian growth]
  3611 | D:7      | Slain by an iguana

Skill      XL: |  1  2  3  4  5  6 |
---------------+-------------------+-----
Axes           | 4 6 7 8 |  8.8
Fighting       | |  3.2
Dodging        | |  2.6
Stealth        | |  1.7

Action                   |  1- 3 |  4- 6 |  7- 9 || total
-------------------------+-------+-------+-------++-------
Melee: Hand axe          |    95 |   174 |    61 ||   330
       Tailslap          |     8 |    19 |     8 ||    35
Invok: Berserk           |       |     3 |     1 ||     4
 Abil: Breathe Frost     |       |       |     1 ||     1
  Use: Scroll            |     1 |     3 |       ||     4
 Stab: Sleeping          |       |     2 |       ||     2
  Eat: Chunk             |     1 |     7 |     2 ||    10
       Pizza             |       |     1 |       ||     1
Armor: Skin              |    37 |    65 |    12 ||   114
Dodge: Dodged            |    65 |   125 |    25 ||   215
